 Dungeon Crawl Stone Soup version 0.29-a0-90-gc37658a0fe (webtiles) character file.

Game seed: 1226468581995695717

128 innerfire433 the Chiller (level 4, -3/30 HPs)
             Began as a Demonspawn Ice Elementalist on Feb 6, 2022.
             Was a Believer of Lugonu.
             Slain by Grinder (4 damage)
             ... while paralysed by Grinder
             ... on level 3 of the Dungeon.
             The game lasted 00:04:03 (2004 turns).

innerfire433 the Chiller (DsIE)                     Turns: 2004, Time: 00:04:04

Health: -3/30      AC:  4    Str: 11    XL:     4   Next: 87%
Magic:  2/9        EV:  2    Int: 16    God:    Lugonu [**....]
Gold:   25         SH:  0    Dex: 13    Spells: 8/9 levels left

rFire   . . .      SeeInvis .   f - +2 falchion (vamp)
rCold   . . .      Faith    .   (no shield)
rNeg    . . .      Spirit   .   b - +2 robe {Will+}
rPois   .          Reflect  .   (no helmet)
rElec   .          Harm     .   (no cloak)
rCorr   .          Rampage  .   (no gloves)
Will    +....                   (no boots)
Stlth   ++........              (no amulet)
HPRegen 0.10/turn               (no ring)
MPRegen 0.11/turn               (no ring)

@: paralysed, attractive
A: foul stench 1
a: Renounce Religion, Depart the Abyss, Bend Space


You were on level 3 of the Dungeon.
You worshipped Lugonu.
Lugonu was pleased with you.
You visited 1 branch of the dungeon, and saw 3 of its levels.

You collected 25 gold pieces.

Inventory:

Hand Weapons
 f - a +2 vampiric falchion (weapon)
Armour
 a - a +0 robe
 b - a +2 robe of willpower (worn)
Scrolls
 d - 2 scrolls of fear
 e - a scroll of blinking {unknown}


   Skills:
 * Level 1.0 Long Blades
 - Level 1.8 Dodging
 - Level 1.9 Stealth
 + Level 3.4 Spellcasting
 + Level 4.6 Ice Magic


You had 8 spell levels left.
You knew the following spells:

 Your Spells              Type           Power      Damage    Failure   Level
a - Freeze                Ice            68%        1d8       2%          1

Your spell library contained the following spells:

 Spells                   Type           Power      Damage    Failure   Level
 Frozen Ramparts          Ice            34%        1d5       9%          3
 Ozocubu's Armour         Ice            17%        N/A       9%          3
 Hailstorm                Conj/Ice       10%        3d5       56%         4


Dungeon Overview and Level Annotations

Branches:
Dungeon (3/15)

Altars:
Lugonu

Annotations:
D:3 Grinder


Innate Abilities, Weirdness & Mutations

You may rarely emit foul miasma when damaged in melee.


Message History

Grinder hits you but does no damage.
You freeze Grinder.
Grinder resists.
Grinder is lightly wounded.
Grinder hits you.
You writhe in agony.
You freeze Grinder but do no damage.
Grinder completely resists.
Grinder hits you!
You freeze Grinder.
Grinder resists.
Grinder is lightly wounded.
Grinder barely misses you.
You closely miss Grinder.
Grinder is lightly wounded.
Grinder barely misses you.
You hit Grinder.
Grinder is lightly wounded.
Grinder hits you!
You writhe in agony.
* * * LOW HITPOINT WARNING * * *
You hit Grinder but do no damage.
Grinder is lightly wounded.
Grinder blinks!
Grinder gestures at you. You resist with some effort.
It was a potion of attraction.
You feel attractive to monsters. Grinder is attracted toward you.
Casting: Freeze (safe; 2% risk of failure)
Confirm with . or Enter, or press ? or * to list all spells.
Aiming: Freeze (safe; 2% risk of failure)
Press: ? - help, Shift-Dir - straight line, f/p - Grinder
Aim: Grinder (lightly wounded)
You freeze Grinder but do no damage.
Grinder completely resists.
Grinder gestures at you.
You suddenly lose the ability to move!
Grinder is attracted toward you. Grinder hits you but does no damage.
Grinder gestures at you. You resist with some effort.
Grinder hits you but does no damage. Grinder hits you.
* * * LOW HITPOINT WARNING * * *
Grinder hits you.
You die...

.. #..# ..# ##..#
... #...# ..#
####.#.## ##...
##.>.....## ...
##.........##.#
#......@..<...###...
#......5..........#
#............######
##...........#
##...#..<...#
#######....# #....#
######


You could see Grinder.

Vanquished Creatures
  A howler monkey (D:2)
  Jessica (D:2)
  Terence (D:2)
  An adder (D:2)
  A dart slug (D:2)
  2 ball pythons
  2 bats (D:2)
  5 endoplasms
  4 goblins
  3 hobgoblins (D:2)
  A quokka (D:1)
  2 frilled lizards (D:2)
  2 rats (D:2)
26 creatures vanquished.

Notes
Turn   | Place    | Note
-------+----------+-------------------------------------------
     0 | D:1      | innerfire433 the Demonspawn Ice Elementalist began the
                  | quest for the Orb.
     0 | D:1      | Reached XP level 1. HP: 13/13 MP: 3/3
   175 | D:1      | You fall into a shaft and drop 1 floor!
   183 | D:2      | Gained mutation: You may rarely emit foul miasma when
                  | damaged in melee. [demonic ancestry]
   183 | D:2      | Reached XP level 2. HP: 19/19 MP: 0/5
   854 | D:2      | Reached skill level 4 in Ice Magic
   958 | D:2      | Noticed a howler monkey
   972 | D:2      | Killed a howler monkey
   973 | D:2      | Reached XP level 3. HP: 9/24 MP: 0/7
  1319 | D:2      | Found a faded altar of an unknown god.
  1362 | D:2      | Noticed Terence
  1370 | D:2      | Killed Terence
  1371 | D:2      | Reached XP level 4. HP: 28/30 MP: 2/8
  1437 | D:2      | Noticed Jessica
  1460 | D:2      | Killed Jessica
  1698 | D:2      | Reached skill level 1 in Long Blades
  1942 | D:2      | Prayed at the altar of an unknown god.
  1942 | D:2      | Became a worshipper of Lugonu the Unformed
  1942 | D:2      | Reached * piety under Lugonu
  1942 | D:2      | Reached ** piety under Lugonu
  1974 | D:3      | Noticed Grinder
  1999 | D:3      | Paralysed by Grinder for 7 turns
  2003 | D:3      | HP: 1/30 [Grinder (4)]
  2004 | D:3      | Slain by Grinder

Illustrated notes

Levels and vault maps discovered:
D:1:      tarquinn_simple_flora_water_c, layout_loops_corners
D:2:      layout_loops_corners, serial_glass, glass_columns_b, glass_columns_a,
          shapermc_ecumenical_altar_mp_vishouse, uniq_jessica, uniq_terence
D:3:      layout_rooms, gammafunk_ghost_arena, uniq_grinder, uniq_sigmund

Skill      XL: |  1  2  3  4 |
---------------+-------------+-----
Ice Magic      | 4 |  4.6
Spellcasting   | 3 |  3.4
Long Blades    | 1 |  1.0
Dodging        | |  1.8
Stealth        | |  1.9

Action                   |  1- 3 |  4- 6 || total
-------------------------+-------+-------++-------
Melee: Unarmed           |    14 |       ||    14
       Falchion          |       |     7 ||     7
 Cast: Freeze            |    38 |    21 ||    59
  Use: Scroll            |     2 |       ||     2
       Potion            |       |     2 ||     2
 Stab: Sleeping          |       |     1 ||     1
Armor: Robe              |     8 |     5 ||    13
Dodge: Dodged            |    24 |    22 ||    46

Table legend: (Time is in decaauts)
 A = Elapsed time spent in this place.
 B = Non-inter-level travel time spent in this place.
 C = Inter-level travel time spent in this place.
 D = Time resting spent in this place.
 E = Time spent auto-exploring this place.
 F = Levels seen in this place.
 G = Mean time per level.
                   A        B        C        D        E       F      G
               +--------+--------+--------+--------+--------+-----+--------+
         Total |   2005 |   1903 |    102 |      0 |   1649 |   3 |  668.3 |
       Dungeon |   2005 |   1903 |    102 |      0 |   1649 |   3 |  668.3 |
               +--------+--------+--------+--------+--------+-----+--------+

Top non-repeatable levels by time:
     D:2: 1798 daAuts
     D:1: 175 daAuts
     D:3: 31 daAuts
